General information
- name: BNet
- type: Ladder team game (AT/RT)
- host: Battle.net
- saver: BRUCEWILLISUSA
map: MarketSquare
- players: 8
- length: 28:47
- speed: Fast
- version: 1.24 W3XP
- replay type: Public
» download(127 KB)
Players
team 1 (winner)
Fly_Moe (
teal | 46 APM | 1324 actions | 28:46)
5 Blademaster
2 Wind Walk
3 Critical Strike
4 Shadow Hunter
2 Healing Wave
2 Hex
» actions
| Assign group hotkey | 34 | |
| Basic commands | 15 | |
| Build / train | 87 | |
| Enter build submenu | 31 | |
| Enter hero's abilities submenu | 10 | |
| Remove unit from queue | 2 | |
| Right click | 411 | |
| Select / deselect | 259 | |
| Select group hotkey | 440 | |
| Use ability | 35 | |
1324 total
» units
| Peon | 13 | |
| Grunt | 5 | |
| Troll Batrider | 19 | |
| Wind Rider | 7 | |
44 total
» upgrades
| Witch Doctor Training | 2 | |
| Shaman Training | 2 | |
| Melee Weapons | 2 | |
| Armor | 2 | |
| Liquid Fire | 1 | |
| Berserker Strength | 1 | |
| Pulverize | 1 | |
| Ranged Weapons | 3 | |
| Envenomed Spears | 1 | |
| Spirit Walker Training | 1 | |
| Berserker Upgrade | 1 | |
| Burning Oil | 1 | |
18 total
» buildings
| Altar of Storms | 1 | |
| Orc Burrow | 8 | |
| Voodoo Lounge | 1 | |
| Barracks | 1 | |
| Stronghold | 2 | |
| War Mill | 1 | |
| Watch Tower | 5 | |
| Spirit Lodge | 2 | |
| Beastiary | 2 | |
| Fortress | 1 | |
| Great Hall | 1 | |
| Tauren Totem | 2 | |
27 total
» build order
00:09 Altar of Storms
00:14 Orc Burrow
00:59 Voodoo Lounge
01:40 Orc Burrow
02:16 Barracks
03:21 Orc Burrow
03:24 Stronghold
03:24 Stronghold
04:19 War Mill
05:03 Orc Burrow
05:39 Watch Tower
05:49 Spirit Lodge
06:07 Spirit Lodge
06:49 Beastiary
09:07 Fortress
10:03 Orc Burrow
10:24 Great Hall
11:39 Watch Tower
11:42 Watch Tower
11:53 Watch Tower
12:41 Tauren Totem
12:46 Tauren Totem
12:51 Orc Burrow
13:40 Orc Burrow
14:48 Beastiary
15:16 Watch Tower
20:07 Orc Burrow
» items
| Healing Salve | 3 | |
| Scroll of Speed | 2 | |
| Potion of Healing | 3 | |
| Potion of Mana | 1 | |
9 total
BRUCEWILLISUSA (
green | 47 APM | 1355 actions | 28:47)
7 Pandaren Brewmaster
3 Breath of Fire
3 Drunken Brawler
1 Storm Earth and Fire
» actions
| Assign group hotkey | 52 | |
| Basic commands | 13 | |
| Build / train | 68 | |
| ESC pressed | 7 | |
| Enter build submenu | 76 | |
| Enter hero's abilities submenu | 7 | |
| Give item / drop item | 4 | |
| Right click | 485 | |
| Select / deselect | 162 | |
| Select group hotkey | 366 | |
| Use ability | 115 | |
1355 total
» units
| Peasant | 26 | |
| Flying Machine | 12 | |
38 total
» upgrades
| Masonry | 3 | |
| Gunpowder | 3 | |
| Flak Cannons | 1 | |
| Plating | 2 | |
| Flying Machine Bombs | 1 | |
10 total
» buildings
| Scout Tower | 44 | |
| Farm | 12 | |
| Lumber Mill | 2 | |
| Arcane Tower | 1 | |
| Altar of Kings | 1 | |
| Guard Tower | 6 | |
| Keep | 2 | |
| Blacksmith | 1 | |
| Castle | 1 | |
| Workshop | 3 | |
| Gryphon Aviary | 1 | |
| Town Hall | 3 | |
77 total
» build order
00:52 Scout Tower
00:54 Scout Tower
00:55 Scout Tower
00:58 Scout Tower
00:59 Scout Tower
01:01 Scout Tower
01:02 Scout Tower
01:03 Scout Tower
01:05 Scout Tower
01:10 Scout Tower
01:12 Scout Tower
01:13 Scout Tower
01:16 Scout Tower
01:18 Scout Tower
01:21 Scout Tower
01:22 Scout Tower
01:23 Scout Tower
01:27 Scout Tower
01:32 Scout Tower
01:34 Scout Tower
01:41 Scout Tower
01:44 Farm
02:03 Lumber Mill
02:15 Farm
02:17 Arcane Tower
02:21 Scout Tower
02:22 Scout Tower
02:24 Scout Tower
02:26 Scout Tower
02:27 Scout Tower
02:30 Scout Tower
03:02 Altar of Kings
03:14 Scout Tower
03:16 Scout Tower
03:18 Scout Tower
03:20 Scout Tower
03:48 Guard Tower
03:50 Farm
03:55 Guard Tower
04:06 Guard Tower
04:06 Guard Tower
04:06 Guard Tower
04:20 Guard Tower
04:25 Lumber Mill
04:58 Scout Tower
05:01 Scout Tower
05:03 Scout Tower
05:05 Scout Tower
05:29 Scout Tower
05:30 Scout Tower
05:32 Scout Tower
05:34 Scout Tower
05:36 Scout Tower
05:37 Scout Tower
05:40 Scout Tower
05:42 Scout Tower
05:44 Scout Tower
06:20 Keep
06:20 Keep
06:58 Blacksmith
08:45 Castle
09:59 Workshop
10:00 Workshop
10:01 Workshop
10:04 Gryphon Aviary
10:07 Farm
10:07 Farm
10:33 Farm
10:34 Farm
10:35 Farm
14:19 Farm
14:19 Farm
14:20 Farm
19:47 Town Hall
19:50 Town Hall
19:53 Town Hall
» items
| Boots of Speed | 1 | |
| Staff of Teleportation | 1 | |
2 total
dIOS-lORIeN (
blue | 48 APM | 1078 actions | 22:21)
5 Archmage
3 Summon Water Elemental
2 Brilliance Aura
4 Dark Ranger
2 Black Arrow
2 Life Drain
3 Firelord
2 Summon Lava Spawn
1 Soul Burn
» actions
| Basic commands | 3 | |
| Build / train | 114 | |
| Enter build submenu | 35 | |
| Enter hero's abilities submenu | 12 | |
| Remove unit from queue | 6 | |
| Right click | 488 | |
| Select / deselect | 369 | |
| Use ability | 51 | |
1078 total
» units
| Peasant | 33 | |
| Footman | 6 | |
| Priest | 5 | |
| Flying Machine | 21 | |
| Sorceress | 5 | |
| Spell Breaker | 1 | |
71 total
» upgrades
| Lumber Harvesting | 2 | |
| Priest Training | 2 | |
| Gunpowder | 3 | |
| Plating | 3 | |
| Sorceress Training | 2 | |
| Flak Cannons | 1 | |
| Flying Machine Bombs | 1 | |
14 total
» buildings
| Barracks | 1 | |
| Farm | 14 | |
| Altar of Kings | 1 | |
| Town Hall | 2 | |
| Lumber Mill | 2 | |
| Keep | 1 | |
| Arcane Vault | 1 | |
| Scout Tower | 7 | |
| Arcane Sanctum | 2 | |
| Guard Tower | 3 | |
| Castle | 1 | |
| Blacksmith | 1 | |
| Workshop | 3 | |
| Arcane Tower | 1 | |
40 total
» build order
00:22 Barracks
00:26 Farm
00:32 Altar of Kings
01:05 Farm
01:45 Farm
02:21 Farm
04:22 Town Hall
05:50 Lumber Mill
06:02 Town Hall
06:39 Keep
08:02 Arcane Vault
08:13 Farm
08:26 Scout Tower
08:30 Scout Tower
08:34 Farm
08:58 Farm
09:24 Arcane Sanctum
09:29 Guard Tower
09:35 Farm
09:38 Farm
09:40 Castle
09:46 Blacksmith
09:53 Arcane Sanctum
10:15 Scout Tower
10:18 Scout Tower
10:21 Scout Tower
10:24 Farm
10:57 Farm
11:00 Guard Tower
11:02 Scout Tower
11:05 Scout Tower
11:12 Workshop
11:16 Workshop
11:19 Farm
11:39 Farm
11:44 Arcane Tower
12:12 Farm
12:13 Guard Tower
12:34 Lumber Mill
12:41 Workshop
» items
canadian-eh (
pink | 21 APM | 593 actions | 28:46)
5 Death Knight
3 Death Coil
2 Unholy Aura
1 Archmage
1 Brilliance Aura
» actions
| Basic commands | 18 | |
| Build / train | 75 | |
| Enter build submenu | 26 | |
| Enter hero's abilities submenu | 6 | |
| Remove unit from queue | 1 | |
| Right click | 221 | |
| Select / deselect | 204 | |
| Use ability | 42 | |
593 total
» units
| Acolyte | 8 | |
| Ghoul | 3 | |
| Crypt Fiend | 9 | |
| Necromancer | 6 | |
| Gargoyle | 18 | |
| Gryphon Rider | 8 | |
52 total
» upgrades
| Creature Attack | 3 | |
| Web | 1 | |
| Necromancer Training | 2 | |
| Unholy Strength | 1 | |
| Skeletal Longevity | 1 | |
| Creature Carapace | 1 | |
| Storm Hammers | 1 | |
| Stone Form | 1 | |
11 total
» buildings
| Altar of Darkness | 1 | |
| Crypt | 2 | |
| Ziggurat | 9 | |
| Graveyard | 1 | |
| Halls of the Dead | 1 | |
| Temple of the Damned | 2 | |
| Black Citadel | 1 | |
| Spirit Tower | 2 | |
| Slaughterhouse | 2 | |
| Gryphon Aviary | 3 | |
24 total
» build order
00:10 Altar of Darkness
00:15 Crypt
00:51 Ziggurat
01:11 Graveyard
02:01 Ziggurat
02:30 Crypt
03:31 Ziggurat
06:11 Halls of the Dead
06:57 Ziggurat
08:49 Ziggurat
09:36 Ziggurat
09:54 Temple of the Damned
10:06 Temple of the Damned
13:42 Ziggurat
15:00 Ziggurat
15:28 Black Citadel
15:31 Spirit Tower
16:19 Spirit Tower
16:23 Slaughterhouse
16:35 Slaughterhouse
16:50 Ziggurat
24:17 Gryphon Aviary
24:23 Gryphon Aviary
27:52 Gryphon Aviary
team 2 (loser)
naggor (
purple | 34 APM | 752 actions | 22:01)
2 Death Knight
1 Death Coil
1 Unholy Aura
1 Keeper of the Grove
1 Entangling Roots
» actions
| Basic commands | 76 | |
| Build / train | 33 | |
| Enter build submenu | 17 | |
| Enter hero's abilities submenu | 3 | |
| Remove unit from queue | 1 | |
| Right click | 301 | |
| Select / deselect | 297 | |
| Use ability | 24 | |
752 total
» units
| Acolyte | 2 | |
| Ghoul | 5 | |
| Frost Wyrm | 6 | |
13 total
» upgrades
| Creature Attack | 3 | |
| Creature Carapace | 2 | |
| Freezing Breath | 1 | |
6 total
» buildings
| Altar of Darkness | 1 | |
| Crypt | 1 | |
| Ziggurat | 7 | |
| Graveyard | 1 | |
| Halls of the Dead | 1 | |
| Black Citadel | 1 | |
| Sacrificial Pit | 1 | |
| Spirit Tower | 6 | |
| Boneyard | 3 | |
| Tree of Eternity | 1 | |
23 total
» build order
00:13 Altar of Darkness
00:16 Crypt
00:21 Ziggurat
01:41 Graveyard
03:04 Halls of the Dead
06:01 Black Citadel
06:10 Sacrificial Pit
08:19 Ziggurat
08:21 Spirit Tower
08:27 Boneyard
08:32 Boneyard
08:36 Boneyard
09:15 Spirit Tower
09:18 Ziggurat
09:28 Ziggurat
10:17 Spirit Tower
10:56 Tree of Eternity
14:22 Ziggurat
14:29 Ziggurat
17:41 Spirit Tower
17:42 Spirit Tower
19:49 Ziggurat
21:34 Spirit Tower
IIlIlIlIlIllIII (
red | 19 APM | 203 actions | 10:37)
» actions
| Assign group hotkey | 3 | |
| Basic commands | 8 | |
| Build / train | 21 | |
| Enter build submenu | 18 | |
| Enter hero's abilities submenu | 1 | |
| Remove unit from queue | 6 | |
| Right click | 37 | |
| Select / deselect | 81 | |
| Select group hotkey | 6 | |
| Use ability | 22 | |
203 total
» units
» buildings
| Hunter's Hall | 1 | |
| Moon Well | 5 | |
| Ancient Protector | 6 | |
| Ancient of War | 1 | |
| Altar of Elders | 1 | |
| Tree of Ages | 1 | |
15 total
» build order
00:24 Hunter's Hall
00:39 Moon Well
01:58 Moon Well
02:24 Ancient Protector
02:36 Ancient Protector
02:44 Ancient Protector
02:51 Ancient Protector
03:05 Ancient of War
04:08 Altar of Elders
05:30 Ancient Protector
06:08 Ancient Protector
08:24 Tree of Ages
08:28 Moon Well
08:32 Moon Well
08:35 Moon Well

»
is_lijced (
orange | 8 APM | 242 actions | 28:46)
1 Blademaster
1 Mirror Image
1 Warden
1 Blink
» actions
| Basic commands | 1 | |
| Build / train | 13 | |
| Enter build submenu | 9 | |
| Enter hero's abilities submenu | 2 | |
| Right click | 152 | |
| Select / deselect | 50 | |
| Use ability | 15 | |
242 total
» units
» buildings
| Orc Burrow | 4 | |
| Altar of Storms | 1 | |
| Barracks | 1 | |
| War Mill | 1 | |
| Stronghold | 1 | |
| Beastiary | 2 | |
10 total
» build order
00:07 Orc Burrow
00:09 Altar of Storms
00:31 Barracks
01:31 War Mill
10:33 Stronghold
14:26 Beastiary
14:29 Beastiary
14:52 Orc Burrow
15:39 Orc Burrow
16:31 Orc Burrow
elleyce (
yellow | 25 APM | 581 actions | 22:55)
2 Keeper of the Grove
1 Entangling Roots
1 Force of Nature
1 Priestess of the Moon
1 Trueshot Aura
» actions
| Assign group hotkey | 19 | |
| Basic commands | 6 | |
| Build / train | 45 | |
| Enter build submenu | 18 | |
| Enter hero's abilities submenu | 4 | |
| Remove unit from queue | 1 | |
| Right click | 116 | |
| Select / deselect | 184 | |
| Select group hotkey | 152 | |
| Use ability | 36 | |
581 total
» units
| Wisp | 15 | |
| Archer | 7 | |
| Glaive Thrower | 1 | |
| Chimaera | 8 | |
31 total
» upgrades
| Strength of the Wild | 1 | |
| Corrosive Breath | 1 | |
2 total
» buildings
| Moon Well | 6 | |
| Altar of Elders | 1 | |
| Ancient of War | 2 | |
| Tree of Ages | 1 | |
| Hunter's Hall | 1 | |
| Tree of Eternity | 1 | |
| Ancient of Wind | 1 | |
| Ancient Protector | 1 | |
| Chimaera Roost | 3 | |
| Ancient of Wonders | 1 | |
18 total
» build order
00:10 Moon Well
00:34 Altar of Elders
01:20 Ancient of War
01:53 Moon Well
02:07 Ancient of War
04:03 Tree of Ages
04:13 Moon Well
04:50 Moon Well
05:24 Hunter's Hall
06:11 Moon Well
06:40 Tree of Eternity
07:11 Ancient of Wind
08:54 Ancient Protector
09:06 Chimaera Roost
09:50 Moon Well
11:44 Chimaera Roost
11:52 Chimaera Roost
14:18 Ancient of Wonders
» items
| Staff of Preservation | 1 | |
| Potion of Healing | 2 | |
| Scroll of Town Portal | 1 | |
4 total
Chat log
(00:16 / All) BRUCEWILLISUSA: stick cork in butt
(00:21 / Allies) Fly_Moe: tauren sham doc
(00:44 / Allies) canadian-eh: fiends,stats,necs
(01:24 / Allies) Fly_Moe: green wtf?
(01:28 / Allies) canadian-eh: rofl bruce
(01:47 / Allies) canadian-eh: hes blocking him rofl
(01:49 / All) IIlIlIlIlIllIII: LAWL
(02:06 / Allies) Fly_Moe: at least make real towers
(02:44 / Allies) BRUCEWILLISUSA: ping mroe and dont help
(02:50 / Allies) Fly_Moe: blue help him
(03:07 / Allies) Fly_Moe: blue
(03:33 / All) naggor: yo wtf with hack
(03:40 / All) naggor: you fucking loser
(03:57 / All) elleyce: real nice man, you hack on RT.
(04:57 / All) IIlIlIlIlIllIII: ZOMG IM STUCH!
(05:42 / All) elleyce: who hacks on RT serious?!
(05:52 / All) IIlIlIlIlIllIII: LAWL
(06:13 / Allies) BRUCEWILLISUSA: they will go air
(06:15 / Allies) BRUCEWILLISUSA: obviously
(06:17 / Allies) BRUCEWILLISUSA: its their only option
(07:17 / All) IIlIlIlIlIllIII: siege dont work lol
(07:29 / Allies) BRUCEWILLISUSA: lets do mid we got enough
(07:45 / All) naggor: yo green is a fucking shit face nigger
(09:04 / All) IIlIlIlIlIllIII: u cant attack the green tower?
(10:39 / All) naggor: don't see how this any fun. you fucking nigger
(10:55 / All) Fly_Moe: all creeps will be gone soon
(11:08 / All) is_lijced: hahah bitch
(11:16 / All) elleyce: your a piece of shit
(11:23 / All) BRUCEWILLISUSA: my what
(11:26 / All) naggor: wow you won by cheating.
(11:28 / All) canadian-eh: so we win?
(11:30 / All) is_lijced: i will ban u 4 hacking
(11:34 / All) BRUCEWILLISUSA: from dota?
(12:19 / All) is_lijced: warden can blink asshole
(12:31 / All) BRUCEWILLISUSA: u already have a hero out
(12:34 / All) BRUCEWILLISUSA: and its doing u no good
(12:50 / All) BRUCEWILLISUSA: this is how you get out: buy a quick hall, kill ur hero, summon him at tavern
(12:54 / All) BRUCEWILLISUSA: then set up quick hall outside ur base
(12:56 / All) BRUCEWILLISUSA: adn tp to it
(12:57 / All) BRUCEWILLISUSA: voila
(14:21 / Allies) Fly_Moe: how we suppose to kill them?
(14:25 / Allies) BRUCEWILLISUSA: wait air
(14:27 / Allies) BRUCEWILLISUSA: with air
(15:47 / All) BRUCEWILLISUSA: OUCH
(16:16 / All) naggor: fucking nigger
(16:22 / All) BRUCEWILLISUSA: racism
(16:23 / All) BRUCEWILLISUSA: why?
(16:33 / All) BRUCEWILLISUSA: u know for sure im not black
(16:37 / All) BRUCEWILLISUSA: so why hurt black ppl
(16:39 / All) BRUCEWILLISUSA: with ur remakrs
(16:43 / All) naggor: don't see why you have to cheat you fucking nigger
(16:47 / All) BRUCEWILLISUSA: racist
(16:49 / All) BRUCEWILLISUSA: u deserve it
(17:03 / All) elleyce: green your fucking lowsy
(17:41 / All) elleyce: your probably one of those career 40% noobs who eventually found a way to win consistently
(17:43 / Allies) BRUCEWILLISUSA: u guys can prolly kill ur land units
(17:45 / Allies) BRUCEWILLISUSA: and make air
(17:49 / All) BRUCEWILLISUSA: look at my solo stats butt noob
(17:53 / All) BRUCEWILLISUSA: rter hauauhahuahuahuaa
(18:03 / All) naggor: YOU CHEAT YOU STUPID NIGGER
(18:07 / All) elleyce: probably by the same means
(18:10 / All) BRUCEWILLISUSA: tower cheat came out yesterday
(18:13 / All) naggor: YOUR SATS MEAN SHIT
(18:14 / All) BRUCEWILLISUSA: i got these solo stats legit
(18:18 / All) BRUCEWILLISUSA: ok rt noobs
(18:20 / All) BRUCEWILLISUSA: ok
(18:21 / All) BRUCEWILLISUSA: ur pro
(18:23 / All) BRUCEWILLISUSA: rank 60 solo isnt
(18:26 / All) naggor: WHATEVER
(18:45 / All) elleyce: yeah that means alot since your cheating on RT
(18:53 / All) elleyce: im suuuuure they're legit
(19:32 / All) BRUCEWILLISUSA: lol
(21:41 / All) elleyce: come through the tower
(21:59 / All) naggor: your a fucking joke green
(22:10 / Allies) dIOS-lORIeN: wath tehe fuck
(22:21 / All) elleyce: your a joke green
(22:41 / All) elleyce: go hack 1v1 like everyone else
(25:31 / All) BRUCEWILLISUSA: did we win yet
(25:34 / All) BRUCEWILLISUSA: ive been fucking my dog
(27:13 / Allies) BRUCEWILLISUSA: can u land a gargoyle
(27:15 / Allies) BRUCEWILLISUSA: ill staff to it
(27:18 / Allies) BRUCEWILLISUSA: and my hero will be ont he inside
(28:19 / Allies) BRUCEWILLISUSA: gopgo land one
(28:27 / Allies) BRUCEWILLISUSA: land one